 Dungeon Crawl Stone Soup version 0.18.1-5-g4a78601 (webtiles) character file.

9463 Scarto the Cleaver (level 11, -4/101 HPs)
             Began as a Hill Orc Fighter on May 10, 2016.
             Was an Elder of Qazlal.
             Slain by a shadow (16 damage)
             ... on level 12 of the Dungeon.
             The game lasted 00:22:18 (8602 turns).

Scarto the Cleaver (Hill Orc Fighter)               Turns: 8602, Time: 00:22:19

Health: -4/101     AC: 21    Str: 25    XL:     11   Next: 46%
Magic:  11/11      EV:  1    Int:  8    God:    Qazlal [****..]
Gold:   649        SH: 19    Dex: 13    Spells: 0 memorised, 10 levels left

rFire  . . .     SeeInvis .     D - +1 war axe (freeze)
rCold  . . .     Gourm    .     w - +0 plate armour
rNeg   . . .     Faith    .     c - +1 shield
rPois  .         Spirit   .     Q - +1 helmet
rElec  .         Dismiss  +     q - +2 cloak
rCorr  .         Reflect  .     K - +0 pair of gloves
SustAt .         Harm     .     (no boots)
MR     .....                    m - amulet of dismissal
Stlth  ..........               G - +3 ring of dexterity
                                o - +2 ring of strength

@: lethally poisoned (-4 -> -20), studying Bows, repel missiles, not resistant
to hostile enchantments, extremely unstealthy
A: no striking features
a: Upheaval, Elemental Force, Renounce Religion


You were on level 12 of the Dungeon.
You worshipped Qazlal.
Qazlal was greatly pleased with you.
You were not hungry.

You visited 1 branch of the dungeon, and saw 12 of its levels.

You collected 649 gold pieces.

Inventory:

Hand Weapons
 B - a +1 mace of freezing
 D - a +1 war axe of freezing (weapon)
Missiles
 v - 4 tomahawks (quivered)
 y - 4 javelins
Armour
 c - a +1 shield (worn)
 q - a +2 cloak (worn)
 w - a +0 plate armour (worn)
 K - a +0 pair of gloves (worn)
 Q - a +1 helmet (worn)
Jewellery
 d - an uncursed ring of protection from magic
 l - the ring "Jaiskufo" {*Contam rElec rN+ Stlth+, unknown}
   (You found it on level 8 of the Dungeon)

   [ring of positive energy]

   It insulates you from electricity.
   It protects you from negative energy.
   It causes magical contamination when unequipped.
   It makes you more stealthy.
 m - an amulet of dismissal (around neck)
 o - a +2 ring of strength (left hand)
 G - a +3 ring of dexterity (right hand)
Wands
 t - a wand of teleportation (0/9)
 S - a wand of teleportation (3/9)
Scrolls
 f - 6 scrolls of identify
 k - 3 scrolls of teleportation
 n - 5 scrolls of remove curse
 r - 3 scrolls of fog
 x - a scroll of enchant armour
 z - 3 scrolls of recharging
 A - a scroll of magic mapping
 N - 2 scrolls of fear
 R - a scroll of blinking {unknown}
Potions
 e - 10 potions of curing
 i - a potion of lignification
 p - 2 potions of flight
 I - a potion of might
 O - a potion of beneficial mutation {unknown}
Books
 g - a book of Power

   Spells                             Type                      Level
   a - Fulminant Prism                Conjuration/Hexes            4
   b - Iskenderun's Mystic Blast      Conjuration                  4
   c - Venom Bolt                     Conjuration/Poison           5
   d - Bolt of Magma                  Conjuration/Fire/Earth       5
   e - Iron Shot                      Conjuration/Earth            6
   f - Orb of Destruction             Conjuration                  7
   g - Spellforged Servitor           Conjuration/Summoning        7
 F - a manual of Bows
Comestibles
 h - 21 fruits
 j - 5 beef jerkies
 E - 2 meat rations
 P - a bread ration


   Skills:
 + Level 10.8 Fighting
 + Level 11.8 Axes
 + Level 10.1 Armour
 + Level 10.4 Shields


You had 10 spell levels left.
You didn't know any spells.

Dungeon Overview and Level Annotations

Branches:
Dungeon (12/15)            Temple (0/1) D:6            Lair (0/8) D:9
    Orc (0/2) D:9

Altars:
Fedhas
Kikubaaqudgha
Makhleb
Qazlal
Ru
Trog

Shops:
D:5 %   D:7 (   D:8 :(*[   D:9 (

Annotations:
D:7 MDvedh's ghost, novice GrFi
D:12 Nessos


Message History

You are poisoned.
* * * LOW HITPOINT WARNING * * *
The shadow hits you!
* * * LOW HITPOINT WARNING * * *
A crimson imp comes into view.
* * * LOW HITPOINT WARNING * * *
You feel very sick.
Nessos shoots an arrow.
The arrow is repelled.
The shadow slips into darkness.
The shadow flickers and vanishes!
Deactivating autopickup; reactivate with Ctrl-A.
* * * LOW HITPOINT WARNING * * *
You feel sick.
Nessos shoots an arrow.
You block the arrow.
There is a stone staircase leading up here.
You see here an arrow.
* * * LOW HITPOINT WARNING * * *
You feel sick.
Nessos shoots an arrow.
You block the arrow.
The crimson imp hits you but does no damage.
The shadow strikes at you from the darkness!
You die...

.... .... .# ##.#
.... . ....
.##..##.# .....
....... .###.....
$....§. ......<.
.##...†##.c§....
.......(5..#
......(.§@##
.....(§..§.#
.....(§.......
......5.........
...........##....
.........<.# .#..
..........## # (
..#.......


You could see Nessos and 2 crimson imps.

Vanquished Creatures
  A hydra (D:11)
  Erica (D:11)
  Pikel (D:7)
  A cyclops (D:11)
  2 gargoyles (D:11)
  A komodo dragon (D:9)
  2 trolls
  Grinder (D:5)
  2 wyverns (D:8)
  3 hungry ghosts
  2 hippogriffs
  Menkaure (D:6)
  A water moccasin (D:8)
  4 orc warriors
  3 slaves (D:7)
  A wasp (D:11)
  3 ice beasts
  An eye of draining (D:11)
  2 phantoms
  2 ogres
  8 centaurs
  2 big kobolds (D:8)
  Blork the orc (D:6)
  5 giant frogs
  A gnoll sergeant (D:10)
  A wyvern skeleton (D:10)
  A scorpion (D:7)
  3 wights (D:6)
  8 killer bees (D:12)
  A centaur zombie (D:6)
  6 crimson imps
  A gnoll shaman (D:6)
  3 orc priests
  Crazy Yiuf (D:2)
  3 centaur skeletons
  A giant frog skeleton (D:5)
  6 hounds
  Jessica (D:3)
  4 iguanas
  8 orc wizards
  11 worker ants
  2 sheep (D:11)
  A hound skeleton (D:4)
  A howler monkey skeleton (D:8)
  10 gnolls
  12 adders
  2 shadow imps
  An ooze (D:2)
  An adder skeleton (D:9)
  A worm (D:2)
  5 dart slugs
  11 giant geckos
  29 orcs
  2 ball pythons (D:3)
  6 bats
  4 giant cockroaches
  8 goblins
  7 hobgoblins
  11 jackals
  2 quokkas (D:2)
  8 giant newts
  A jackal zombie (D:5)
  10 kobolds
  A quokka skeleton (D:8)
  12 rats
  4 plants
263 creatures vanquished.

Vanquished Creatures (others)
  A hound skeleton (D:7)
  2 plants (D:9)
3 creatures vanquished.

Grand Total: 266 creatures vanquished

Notes
Turn   | Place    | Note
--------------------------------------------------------------
     0 | D:1      | Scarto the Hill Orc Fighter began the quest for the Orb.
     0 | D:1      | Reached XP level 1. HP: 19/19 MP: 1/1
    33 | D:1      | Reached skill level 3 in Axes
    60 | D:1      | Reached XP level 2. HP: 17/27 MP: 2/2
   352 | D:1      | Reached XP level 3. HP: 31/33 MP: 3/3
   687 | D:2      | Reached XP level 4. HP: 27/40 MP: 4/4
   781 | D:2      | Reached skill level 4 in Axes
   959 | D:2      | Noticed Crazy Yiuf
   963 | D:2      | Paralysed by Crazy Yiuf for 5 turns
   968 | D:2      | Killed Crazy Yiuf
  1171 | D:3      | Found a bloodstained altar of Trog.
  1422 | D:3      | Reached XP level 5. HP: 47/47 MP: 5/5
  1653 | D:3      | Noticed Jessica
  1664 | D:3      | Killed Jessica
  1975 | D:4      | Reached XP level 6. HP: 55/55 MP: 6/6
  2071 | D:4      | Reached skill level 5 in Fighting
  2071 | D:4      | Reached skill level 5 in Shields
  2198 | D:4      | Reached skill level 5 in Axes
  2377 | D:4      | Found a stormy altar of Qazlal.
  2397 | D:5      | Entered Level 5 of the Dungeon
  2416 | D:5      | Reached XP level 7. HP: 53/61 MP: 7/7
  2460 | D:5      | Reached skill level 5 in Armour
  2474 | D:5      | Reached skill level 6 in Axes
  2541 | D:4      | Became a worshipper of Qazlal Stormbringer
  2697 | D:5      | Found Cunt's Food Boutique.
  2697 | D:5      | Noticed a hungry ghost
  2697 | D:5      | Noticed Grinder
  2737 | D:5      | Killed a hungry ghost
  2737 | D:5      | Reached XP level 8. HP: 67/70 MP: 8/8
  2898 | D:5      | Found a sacrificial altar of Ru.
  2923 | D:5      | Killed Grinder
  3263 | D:5      | Reached skill level 7 in Axes
  3481 | D:6      | Reached * piety under Qazlal
  3539 | D:6      | Noticed Menkaure
  3545 | D:6      | Killed Menkaure
  3547 | D:6      | Gained mutation: You tend to lose your temper in combat. [potion of mutation]
  3547 | D:6      | Gained mutation: Your spells are a little easier to cast, but a little less powerful. [potion of mutation]
  3547 | D:6      | Gained mutation: You possess an exceptional clarity of mind. [potion of mutation]
  3551 | D:6      | Lost mutation: Your spells are a little easier to cast, but a little less powerful. [potion of cure mutation]
  3551 | D:6      | Lost mutation: You tend to lose your temper in combat. [potion of cure mutation]
  3551 | D:6      | Lost mutation: You possess an exceptional clarity of mind. [potion of cure mutation]
  3581 | D:6      | Found a staircase to the Ecumenical Temple.
  3606 | D:6      | Reached XP level 9. HP: 76/79 MP: 9/9
  3659 | D:6      | Noticed Blork the orc
  3659 | D:6      | Found an ancient bone altar of Kikubaaqudgha.
  3664 | D:6      | Killed Blork the orc
  3664 | D:6      | Reached skill level 8 in Axes
  3982 | D:6      | Reached ** piety under Qazlal
  4281 | D:7      | Noticed Pikel
  4289 | D:7      | Killed Pikel
  4306 | D:7      | Reached skill level 9 in Axes
  4497 | D:7      | Found Wuteuna's Antique Weapon Shop.
  4649 | D:7      | Noticed MDvedh's ghost (novice GrFi)
  4985 | D:7      | Found a burning altar of Makhleb.
  5190 | D:8      | Reached XP level 10. HP: 90/90 MP: 10/10
  5252 | D:8      | Got a warped glass ring
  5290 | D:8      | Found a blossoming altar of Fedhas.
  5308 | D:8      | Found Voqoduen's Weapon Shop.
  5470 | D:8      | Found Etohuopn's Assorted Antiques.
  5812 | D:8      | Found Zuaxiwn's Armour Boutique.
  5874 | D:8      | Reached *** piety under Qazlal
  5941 | D:8      | Found Deicucse's Book Emporium.
  6143 | D:9      | Reached skill level 10 in Axes
  6157 | D:9      | Found Bexzog's Armour Emporium.
  6157 | D:9      | Found a staircase to the Orcish Mines.
  6159 | D:9      | Found Uhes's Weapon Emporium.
  6271 | D:9      | Found a staircase to the Lair.
  6809 | D:10     | Entered Level 10 of the Dungeon
  7744 | D:11     | Noticed a cyclops
  7757 | D:11     | Killed a cyclops
  7757 | D:11     | Reached skill level 10 in Fighting
  7805 | D:11     | Noticed a gargoyle
  7815 | D:11     | Killed a gargoyle
  7815 | D:11     | Reached XP level 11. HP: 86/100 MP: 11/11
  7842 | D:11     | Reached skill level 11 in Axes
  7929 | D:11     | Reached **** piety under Qazlal
  7929 | D:11     | Reached skill level 10 in Shields
  7970 | D:11     | Noticed Erica
  7981 | D:11     | Killed Erica
  8092 | D:11     | Noticed a four-headed hydra
  8096 | D:11     | Killed a four-headed hydra
  8096 | D:11     | Reached skill level 10 in Armour
  8584 | D:12     | Noticed Nessos
  8602 | D:12     | Slain by a shadow

Skill      XL: |  1  2  3  4  5  6  7  8  9 10 11 |
---------------+----------------------------------+-----
Axes           | 3 4 5 6 7 9 10 11 | 11.8
Fighting       | 4 5 6 7 8 10 | 10.8
Shields        | 4 5 6 7 8 9 10 | 10.4
Armour         | 4 5 6 8 9 10 | 10.1

Action                   |  1- 3 |  4- 6 |  7- 9 | 10-12 || total
-------------------------+-------+-------+-------+-------++-------
Melee: War axe           |   103 |   197 |   395 |   424 ||  1119
       Mace              |       |       |       |     6 ||     6
Invok: Upheaval          |       |       |     1 |       ||     1
  Use: Scroll            |       |     7 |     5 |     3 ||    15
       Potion            |       |       |    11 |     1 ||    12
  Eat: Bread ration      |       |     2 |     5 |     1 ||     8
       Meat ration       |       |       |     1 |     3 ||     4
       Fruit             |       |       |       |     3 ||     3
       Chunk             |       |       |       |     1 ||     1
Armor: Scale mail        |    46 |    72 |       |       ||   118
       Plate armour      |       |    46 |   196 |   152 ||   394
Dodge: Dodged            |    28 |    62 |    82 |    59 ||   231
       Deflected         |       |       |       |     5 ||     5
Block: Shield            |    54 |   110 |   299 |   351 ||   814
